Map: Dusk Towers

Players

RuNei

  • Race: Zerg Zerg
  • League: Master

FLORENCIO - Winner!

  • Race: Protoss Protoss
  • League: Master

VOD

Have the link to the VOD?

Description

(Clan War)

Time

  • Played on: April 23, 2016, 8 p.m.
  • Length: 20:52
Show
View Real Time Build Order
Export as new Build Order

RuNei Zerg 

Build Orders: Hatch First 

Get SALT Encoding   

  12  0:01  Drone  
  13  0:12  Overlord  
  13  0:17  Drone  
  14  0:31  Drone x2  
  16  0:36  Drone  
  17  0:55  Hatchery  
  16  0:57  Drone  
  16  0:58  Drone  
  18  1:13  Spawning Pool  
  18  1:16  Drone  
  18  1:19  Drone  
  18  1:22  Extractor  
  18  1:30  Drone  
  19  1:38  Overlord  
  19  1:50  Drone  
  20  2:00  Queen  
  22  2:02  Drone  
  22  2:07  Queen, Drone  
  26  2:11  Drone  
  27  2:18  Drone  
  28  2:24  Drone, Metabolic Boost  
  29  2:33  Drone x2  
  31  2:41  Overlord  
  31  2:43  Drone  
  32  2:50  Drone  
  33  2:54  Drone  
  33  2:55  Hatchery  
  33  3:04  Drone  
  34  3:08  Evolution Chamber  
  34  3:10  Baneling Nest  
  34  3:11  Drone  
  34  3:12  Extractor, Drone x3  
  36  3:15  Drone  
  36  3:17  Drone  
  36  3:19  Drone  
  38  3:23  Pneumatized Carapace  
  38  3:30  Spore Crawler  
  38  3:31  Drone x2  
  40  3:34  Drone  
  40  3:36  Extractor, Drone  
  40  3:38  Drone  
  41  3:42  Drone  
  41  3:43  Drone  
  41  3:44  Drone  
  44  3:49  Zerg Melee Weapons Level 1  
  44  4:01  Overlord  
  44  4:02  Overlord x2  
  44  4:07  Queen  
  46  4:10  Drone x3  
  46  4:11  Drone  
  46  4:16  Lair  
  50  4:19  Overlord  
  50  4:35  Extractor, Overlord x2  
  50  4:36  Zergling x10  
  50  4:37  Zergling x2  
  55  4:47  Zergling x2  
  55  4:50  Drone x2  
  55  4:51  Drone x2  
  60  5:07  Zergling x2  
  60  5:08  Zergling x4  
  60  5:10  Spore Crawler  
  60  5:11  Spore Crawler, Drone  
  62  5:17  Zergling x2  
  62  5:18  Zergling x14  
  70  5:22  Spire, Queen  
  71  5:28  Baneling x2  
  71  5:29  Baneling x2  
  70  5:41  Drone x2, Zergling x2  
  70  5:42  Drone x2, Zergling x6  
  78  5:55  Baneling  
  78  5:56  Baneling x3  
  78  6:03  Overlord  
  78  6:04  Overlord x2  
  58  6:20  Overlord x5  
  56  6:25  Spore Crawler  
  56  6:26  Spore Crawler x2  
  56  6:27  Spire  
  43  6:41  Drone  
  43  6:42  Drone x3  
  43  6:44  Drone x6  
  51  7:07  Hatchery  
  47  7:18  Drone  
  47  7:19  Drone x2  
  48  7:26  Lair  
  47  7:32  Queen  
  49  7:43  Mutalisk x2  
  49  7:44  Mutalisk x3  
  51  7:47  Extractor  
  51  7:51  Extractor  
  57  7:56  Mutalisk x2  
  61  8:02  Mutalisk  
  61  8:03  Mutalisk  
  61  8:07  Queen  
  52  8:15  Drone  
  52  8:16  Drone x2  
  52  8:18  Drone x2  
  52  8:19  Drone  
  54  8:30  Drone x3  
  57  8:47  Drone x2  
  59  8:57  Drone x2  
  61  9:03  Drone x5  
  66  9:11  Drone x2  
  66  9:14  Spore Crawler x2  
  66  9:16  Drone  
  67  9:21  Drone x3  
  70  9:31  Drone x3  
  72  9:37  Corruptor  
  75  9:38  Corruptor  
  77  9:46  Drone  
  77  9:47  Drone  
  77  9:52  Corruptor  
  81  9:56  Corruptor  
  83  10:05  Spore Crawler  
  83  10:06  Spore Crawler x2  
  77  10:15  Corruptor x2  
  77  10:19  Corruptor  
  83  10:28  Spawning Pool  
  82  10:33  Corruptor  
  82  10:36  Corruptor  
  84  11:01  Zerg Flyer Armor Level 1  
  84  11:05  Corruptor x3  
  90  11:15  Corruptor  
  92  11:18  Corruptor  
  92  11:24  Hatchery  
  93  11:31  Corruptor  
  95  11:40  Corruptor  
  98  11:48  Corruptor  
  98  11:57  Hatchery  
  98  12:00  Drone  
  98  12:01  Drone x10  
  98  12:17  Spore Crawler x2  
  96  12:32  Spore Crawler  
  95  12:41  Corruptor  
  95  12:42  Corruptor  
  99  12:51  Hatchery  
  99  12:52  Zergling x6  
  99  12:56  Drone x4  
  105  13:00  Zerg Flyer Weapons Level 1  
  105  13:10  Corruptor  
  102  13:23  Corruptor x4  
  98  13:33  Drone x6  
  94  13:45  Drone x3  
  94  13:46  Drone x3  
  100  13:56  Corruptor x2  
  104  14:09  Drone  
  107  14:10  Drone x4  
  107  14:12  Spore Crawler  
  108  14:21  Evolution Chamber  
  107  14:28  Zergling x8  
  111  14:31  Extractor  
  111  14:32  Extractor  
  109  14:45  Hatchery  
  108  14:47  Drone  
  108  14:48  Drone x5  
  114  14:56  Queen  
  106  15:03  Corruptor x6  
  112  15:07  Mutalisk  
  108  15:17  Zergling x2  
  108  15:18  Zergling x14  
  110  15:37  Mutalisk x2  
  110  15:39  Overlord x4  
  110  15:42  Zerg Flyer Weapons Level 2  
  114  15:43  Zerg Melee Weapons Level 2  
  114  16:02  Corruptor x4  
  122  16:15  Zergling x6  
  122  16:16  Zergling x16  
  120  16:28  Overlord x2  
  104  16:33  Zergling x14  
  95  16:42  Zergling x10  
  94  16:51  Zergling x2  
  94  16:52  Zergling x6  
  93  17:05  Zergling x10  
  92  17:22  Zergling x2  
  92  17:23  Zergling x16  
  92  17:28  Drone x2  
  95  17:45  Zergling x2  
  95  17:46  Zergling x12  
  101  17:51  Drone x3  
  100  18:21  Zergling x2, Mutalisk x7  
  112  18:27  Drone  
  112  18:28  Drone x3  
  112  18:33  Spore Crawler  
  100  18:59  Corruptor x5  
  94  19:18  Mutalisk x2  
  94  19:19  Mutalisk x3  
  102  19:37  Corruptor  
  102  19:38  Corruptor x2  
  100  20:05  Hatchery  
  97  20:13  Corruptor  
  97  20:14  Corruptor x2  
  99  20:15  Zergling x2  
  99  20:20  Zergling x4  
  97  20:32  Zergling x10  
Show
View Real Time Build Order
Export as new Build Order

FLORENCIO Protoss - Winner!

Build Orders: 1 Gate Expand 

Get SALT Encoding   

  12  0:01  Probe (Chrono Boost)  
  13  0:12  Probe (Chrono Boost)  
  14  0:22  Probe (Chrono Boost)  
  14  0:24  Pylon  
  16  0:43  Probe (Chrono Boost), Gateway  
  16  0:49  Assimilator  
  16  0:53  Probe (Chrono Boost)  
  16  0:55  Assimilator  
  17  1:04  Probe (Chrono Boost)  
  18  1:14  Probe (Chrono Boost)  
  19  1:25  Probe (Chrono Boost)  
  20  1:33  Nexus  
  20  1:37  Probe (Chrono Boost)  
  21  1:50  Cybernetics Core  
  21  1:53  Probe (Chrono Boost)  
  22  2:04  Probe (Chrono Boost)  
  22  2:08  Pylon  
  23  2:26  Stalker, Probe (Chrono Boost)  
  28  2:37  Mothership Core (Chrono Boost)  
  28  2:44  Assimilator  
  28  2:45  Pylon  
  28  2:51  Probe (Chrono Boost)  
  29  2:55  Probe (Chrono Boost)  
  30  3:01  Probe (Chrono Boost)  
  31  3:06  Probe (Chrono Boost)  
  31  3:12  Probe (Chrono Boost)  
  33  3:14  Stargate  
  33  3:15  Assimilator  
  33  3:16  Probe (Chrono Boost)  
  34  3:20  Stargate  
  36  3:27  Probe (Chrono Boost)  
  36  3:33  Stargate  
  35  3:35  Probe (Chrono Boost)  
  35  3:37  Probe (Chrono Boost)  
  37  3:45  Probe (Chrono Boost)  
  37  3:48  Probe (Chrono Boost)  
  39  3:52  Forge  
  39  3:56  Probe (Chrono Boost)  
  39  4:02  Oracle  
  40  4:06  Probe x2 (Chrono Boost)  
  45  4:13  Pylon  
  45  4:18  Pylon  
  45  4:25  Oracle  
  45  4:29  Oracle  
  51  4:33  Probe x2 (Chrono Boost)  
  53  4:40  Oracle (Chrono Boost)  
  56  4:47  Photon Cannon  
  56  4:52  Probe x2 (Chrono Boost)  
  58  5:04  Oracle (Chrono Boost)  
  58  5:05  Oracle (Chrono Boost)  
  64  5:16  Oracle (Chrono Boost)  
  64  5:21  Pylon  
  67  5:27  Photon Cannon  
  67  5:30  Photon Cannon  
  67  5:31  Probe x2  
  69  5:43  Probe  
  69  5:44  Probe, Pylon  
  69  5:45  Pylon  
  75  5:57  Void Ray (Chrono Boost)  
  75  6:02  Void Ray (Chrono Boost)  
  75  6:04  Photon Cannon  
  79  6:27  Photon Cannon  
  79  6:30  Photon Cannon  
  79  6:35  Probe x2  
  79  6:37  Pylon  
  70  6:47  Probe x2  
  70  6:54  Stalker  
  71  6:59  Probe  
  73  7:11  Probe  
  73  7:18  Nexus  
  77  7:23  Probe  
  77  7:25  Nexus  
  74  7:36  Photon Cannon  
  74  7:40  Photon Cannon  
  73  8:13  Phoenix (Chrono Boost)  
  73  8:16  Phoenix x2 (Chrono Boost)  
  74  8:23  Photon Cannon  
  74  8:29  Photon Cannon  
  74  8:33  Photon Cannon  
  74  8:40  Probe, Phoenix (Chrono Boost)  
  74  8:41  Phoenix (Chrono Boost)  
  79  8:50  Probe  
  79  8:52  Phoenix (Chrono Boost)  
  84  9:06  Phoenix (Chrono Boost), Pylon  
  84  9:08  Phoenix (Chrono Boost)  
  86  9:14  Photon Cannon  
  86  9:36  Void Ray (Chrono Boost)  
  94  9:41  Void Ray (Chrono Boost)  
  92  10:17  Void Ray (Chrono Boost)  
  104  10:23  Void Ray (Chrono Boost)  
  104  10:24  Void Ray (Chrono Boost)  
  104  10:40  Assimilator  
  104  10:46  Assimilator  
  104  10:52  Nexus  
  104  10:54  Pylon  
  104  10:55  Void Ray (Chrono Boost)  
  112  11:06  Void Ray (Chrono Boost)  
  114  11:28  Pylon  
  114  11:29  Photon Cannon  
  114  11:30  Pylon  
  114  11:31  Void Ray (Chrono Boost), Photon Cannon  
  114  11:32  Void Ray (Chrono Boost), Photon Cannon, Pylon  
  118  11:33  Pylon  
  118  11:42  Photon Cannon  
  107  12:07  Void Ray (Chrono Boost), Photon Cannon  
  107  12:09  Photon Cannon  
  107  12:10  Probe  
  107  12:11  Photon Cannon  
  107  12:13  Gateway  
  108  12:15  Gateway  
  108  12:21  Probe, Gateway  
  108  12:22  Gateway  
  109  12:27  Probe  
  110  12:31  Probe  
  110  12:36  Warp Gate  
  111  12:37  Probe  
  111  12:42  Probe  
  117  12:45  Void Ray (Chrono Boost)  
  117  12:48  Probe  
  118  12:52  Probe  
  118  12:53  Assimilator  
  118  12:54  Probe  
  118  12:57  Assimilator  
  120  13:03  Probe  
  120  13:04  Probe  
  122  13:13  Probe  
  122  13:15  Probe  
  120  13:24  Probe  
  95  13:34  Stalker  
  95  13:35  Stalker x3  
  95  13:36  Void Ray (Chrono Boost), Probe  
  112  13:42  Void Ray (Chrono Boost)  
  112  13:47  Probe  
  112  13:50  Probe  
  114  13:58  Probe  
  114  14:02  Probe  
  120  14:04  Stalker  
  120  14:05  Stalker x3  
  120  14:06  Void Ray (Chrono Boost)  
  120  14:08  Probe  
  120  14:09  Pylon  
  128  14:11  Pylon  
  129  14:19  Probe  
  129  14:21  Nexus  
  129  14:22  Pylon  
  134  14:28  Void Ray (Chrono Boost)  
  133  14:34  Stalker  
  133  14:35  Stalker x3  
  135  15:04  Stalker x2  
  131  15:17  Void Ray (Chrono Boost), Stalker  
  131  15:18  Stalker  
  135  15:23  Void Ray x2 (Chrono Boost)  
  129  15:38  Probe  
  128  15:43  Stalker x2  
  132  15:54  Void Ray (Chrono Boost)  
  140  16:05  Void Ray (Chrono Boost)  
  140  16:15  Nexus  
  140  16:16  Pylon  
  140  16:19  Pylon  
  116  16:45  Void Ray (Chrono Boost)  
  116  16:46  Zealot x2  
  116  16:47  Zealot x2  
  116  16:49  Photon Cannon  
  116  16:50  Void Ray x2 (Chrono Boost)  
  116  16:51  Photon Cannon  
  116  16:52  Photon Cannon  
  116  16:54  Photon Cannon  
  116  16:57  Photon Cannon  
  116  17:01  Photon Cannon  
  114  17:03  Photon Cannon  
  114  17:05  Pylon  
  114  17:07  Assimilator  
  112  17:12  Assimilator  
  112  17:13  Zealot x2  
  112  17:14  Zealot x2  
  120  17:22  Void Ray (Chrono Boost)  
  130  17:33  Void Ray x2 (Chrono Boost)  
  130  17:40  Zealot  
  130  17:41  Zealot x2  
  130  17:59  Void Ray (Chrono Boost), Probe, Gateway  
  130  18:00  Probe  
  130  18:01  Gateway  
  130  18:02  Gateway  
  136  18:06  Gateway  
  136  18:07  Stalker  
  136  18:09  Probe  
  136  18:10  Probe  
  144  18:16  Void Ray (Chrono Boost)  
  144  18:20  Probe  
  145  18:29  Zealot x2  
  145  18:34  Probe  
  133  18:36  Void Ray (Chrono Boost)  
  133  18:37  Zealot  
  133  18:40  Void Ray (Chrono Boost)  
  140  18:41  Probe  
  140  18:44  Probe  
  142  18:52  Probe  
  142  18:55  Probe  
  141  18:56  Zealot x2  
  141  18:58  Void Ray (Chrono Boost)  
  141  19:02  Probe  
  139  19:13  Probe  
  144  19:17  Photon Cannon  
  144  19:20  Probe  
  144  19:21  Photon Cannon, Probe  
  144  19:22  Void Ray (Chrono Boost)  
  144  19:23  Probe  
  147  19:31  Probe x2  
  145  19:42  Probe  
  146  19:51  Mothership Core  
  146  19:53  Stalker x4  
  146  19:55  Stalker  
  146  19:57  Probe  
  157  20:07  Probe  
  150  20:39  Stalker x2  
Tags
 
Add a new tag
Caveats
  • Supply blocks, unpowered buildings, or Contaminate may cause inaccurate times.
  • Supply counts are checked every 10 seconds.